 Dungeon Crawl Stone Soup version 0.23-a0-389-g4a5eb33 (webtiles) character file.

37 Garbasso the Vexing (level 3, -1/28 HPs)
             Began as a Gnoll Arcane Marksman on Oct 29, 2018.
             Slain by a sky beast (5 damage)
             ... on level 2 of the Dungeon.
             The game lasted 00:03:27 (1101 turns).

Garbasso the Vexing (Gnoll Arcane Marksman)         Turns: 1101, Time: 00:03:27

Health: -1/28      AC: 11    Str: 13    XL:     3   Next: 39%
Magic:  1/7        EV:  7    Int: 15    God:
Gold:   68         SH:  0    Dex: 15    Spells: 3/7 levels left

rFire    . . .     SeeInvis .   b - +0 dagger
rCold    . . .     Gourm    .   (no shield)
rNeg     . . .     Faith    .   n - +3 chain mail
rPois    .         Spirit   .   (no helmet)
rElec    .         Reflect  .   (no cloak)
rCorr    .         Harm     .   (no gloves)
MR       .....                  (no boots)
Stlth    ..........             (no amulet)
HPRegen  0.09/turn              (no ring)
MPRegen  0.10/turn              (no ring)

@: very slightly contaminated
A: distributed training, fangs 1, strong nose
a: no special abilities


You were on level 2 of the Dungeon.
You were not hungry.

You visited 1 branch of the dungeon, and saw 2 of its levels.

You collected 68 gold pieces.

Inventory:

Hand Weapons
 a - a +0 hand crossbow
 b - a +0 dagger (weapon)
Missiles
 d - 37 bolts
Armour
 n - a +3 chain mail (worn)
Scrolls
 e - a scroll of enchant armour {unknown}
 h - a scroll of identify {unknown}
 j - a scroll of teleportation {unknown}
 l - a scroll of remove curse {unknown}
Potions
 c - a potion of cancellation {unknown}
 i - 3 potions of curing {unknown}
 m - a potion of might {unknown}
Comestibles
 f - 5 rations


   Skills:
 + Level 2.6 Fighting
 + Level 0.7 Short Blades
 + Level 0.7 Long Blades
 + Level 0.7 Axes
 + Level 0.7 Maces & Flails
 + Level 0.7 Polearms
 + Level 0.7 Staves
 + Level 0.7 Slings
 + Level 0.7 Bows
 + Level 4.5 Crossbows
 + Level 0.7 Throwing
 + Level 0.7 Armour
 + Level 4.5 Dodging
 + Level 0.7 Stealth
 + Level 0.7 Shields
 + Level 0.7 Unarmed Combat
 + Level 2.8 Spellcasting
 + Level 0.5 Conjurations
 + Level 5.4 Hexes
 + Level 0.5 Charms
 + Level 0.5 Summonings
 + Level 0.5 Necromancy
 + Level 0.5 Translocations
 + Level 0.5 Transmutations
 + Level 0.5 Fire Magic
 + Level 0.5 Ice Magic
 + Level 0.5 Air Magic
 + Level 0.5 Earth Magic
 + Level 0.5 Poison Magic
 + Level 0.9 Invocations
 + Level 0.7 Evocations


You had 3 spell levels left.
You knew the following spells:

 Your Spells              Type           Power        Failure   Level  Hunger
a - Corona                Hex            ###....      63%         1    #......
b - Portal Projectile     Hex/Tloc       ##....       100%        3    ###....

Your spell library contained the following spells:

 Spells                   Type           Power        Failure   Level  Hunger
 Slow                     Hex            ###.....     77%         2    ##.....
 Inner Flame              Hex/Fire       ##......     100%        3    ###....
 Cause Fear               Hex            ###.......   100%        4    #####..
 Leda's Liquefaction      Hex/Erth       ##........   100%        4    #####..


Dungeon Overview and Level Annotations

Branches:
Dungeon (2/15)

Altars:


Innate Abilities, Weirdness & Mutations

Your experience applies equally to all skills.
You have very sharp teeth.
Your uncanny sense of smell can sniff out nearby items.


Message History

The sky beast hits you but does no damage.
You hit the sky beast but do no damage.
The sky beast flickers out of sight!
Deactivating autopickup; reactivate with Ctrl-A.
Something hits you. Something shocks you.
Your chain mail prevents you from hitting something.
Something hits you but does no damage.
You barely miss something. Something hits you but does no damage.
You hit something. Something completely misses you.
You hit something but do no damage. Something hits you. Something shocks you.
You miss something. Something hits you but does no damage.
You miss something. Something hits you. Something shocks you.
* * * LOW HITPOINT WARNING * * *
Casting: Corona (safe; 63% risk of failure)
Confirm with . or Enter, or press ? or * to list all spells.
Aiming: Corona (safe; 63% risk of failure)
Press: ? - help, Shift-Dir - straight line You miscast Corona.
Your hands glow momentarily.
Something hits you.
* * * LOW HITPOINT WARNING * * *
Something shocks you.
You die...

#..# ∆ . ....
### .. #..#
#.. #. ##..#
#.# .##. ...#
#.# $....
#..# #.#
.##...#..#
#.#
......{@.#
#<#
..#..≈##.###
#.# ##.
#...#######.#
..
###.........#
##
###########


There were no monsters in sight!

Vanquished Creatures
  An ooze (D:1)
  A dart slug (D:1)
  A leopard gecko (D:1)
  4 bats (D:1)
  2 goblins (D:1)
  5 hobgoblins (D:1)
  3 jackals (D:1)
  A ball python (D:1)
  3 frilled lizards (D:1)
  2 kobolds (D:1)
  5 rats (D:1)
28 creatures vanquished.

Notes
Turn   | Place    | Note
-------+----------+-------------------------------------------
     0 | D:1      | Garbasso the Gnoll Arcane Marksman began the quest for the
                  | Orb.
     0 | D:1      | Reached XP level 1. HP: 17/17 MP: 4/4
   245 | D:1      | Reached XP level 2. HP: 23/23 MP: 3/5
   425 | D:1      | Reached XP level 3. HP: 22/28 MP: 5/7
   502 | D:1      | Learned a level 3 spell: Portal Projectile
  1077 | D:2      | Noticed a sky beast
  1101 | D:2      | Slain by a sky beast

Vault maps used:
D:1:      dpeg_arrival_short_road, minmay_pentomino_w4
D:2:      grunt_dithmenos_smoke_and_mirrors, lemuel_crystal_altar,
          old_standard_altar, first_ration

Action                   || total
-------------------------++-------
Melee: Unarmed           ||     8
       Dagger            ||    78
       Bite              ||     8
 Fire: Hand crossbow     ||    29
 Cast: Corona            ||    18
  Eat: Chunk             ||     1
Armor: Robe              ||     4
       Ring mail         ||    19
       Chain mail        ||    17
Dodge: Dodged            ||    54

Table legend:
 A = Non-vault XP
 B = Vault XP
 C = Vault XP percentage of total XP
 D = Non-vault monster count
 E = Vault monster count
 F = Vault count percentage of total count
                 A         B        C        D         E       F
            +---------+---------+-------+---------+---------+-------
      Total |      42 |      11 |  20.8 |      23 |       5 |  17.9
            +---------+---------+-------+---------+---------+-------
        D:1 |      42 |      11 |  20.8 |      23 |       5 |  17.9
            +---------+---------+-------+---------+---------+-------
